 Dungeon Crawl Stone Soup version 0.18.1-48-g4cf74bf (webtiles) character file.

18 ololoev the Firebug (level 2, -1/15 HPs)
             Began as a Deep Elf Fire Elementalist on July 26, 2016.
             Killed from afar by an orc wizard (5 damage)
             ... with a puff of frost
             ... on level 3 of the Dungeon.
             The game lasted 00:03:05 (267 turns).

ololoev the Firebug (Deep Elf Fire Elementalist)     Turns: 267, Time: 00:03:06

Health: -1/15      AC:  2    Str:  5    XL:     2   Next: 48%
Magic:  3/8        EV: 13    Int: 19    God:
Gold:   10         SH:  0    Dex: 15    Spells: 1 memorised, 6 levels left

rFire  . . .     SeeInvis .     (no weapon)
rCold  . . .     Gourm    .     a - +0 robe
rNeg   . . .     Faith    .     (no shield)
rPois  .         Spirit   .     (no helmet)
rElec  .         Dismiss  .     (no cloak)
rCorr  .         Reflect  .     (no gloves)
SustAt .         Harm     .     (no boots)
MR     .....                    (no amulet)
Stlth  +.........               (no ring)
                                j - ring of loudness (curse)

@: very slightly contaminated, not resistant to hostile enchantments, very
unstealthy
A: no striking features
a: no special abilities

Inventory:

Armour
 a - a +0 robe (worn)
Jewellery
 j - a cursed ring of loudness (left hand)
Scrolls
 d - a scroll of identify {unknown}
 e - a scroll of fog {unknown}
 f - 2 scrolls of blinking {unknown}
Potions
 h - a potion of agility {unknown}
Books
 b - a book of Flames

   Spells                             Type                      Level
   a - Flame Tongue                   Conjuration/Fire             1
   b - Throw Flame                    Conjuration/Fire             2
   c - Conjure Flame                  Conjuration/Fire             3
   d - Inner Flame                    Hexes/Fire                   3
   e - Sticky Flame                   Conjuration/Fire             4
   f - Fireball                       Conjuration/Fire             5
Comestibles
 c - a bread ration
 g - a beef jerky
 i - a fruit


   Skills:
 - Level 2.4 Dodging
 - Level 2.4 Stealth
 + Level 3.4 Spellcasting
 * Level 2.1 Conjurations
 + Level 3.5 Fire Magic


You had 6 spell levels left.
You knew the following spells:

 Your Spells              Type           Power        Failure   Level  Hunger
a - Flame Tongue          Conj/Fire      ##...        6%          1    None


You were on level 3 of the Dungeon.
You were not hungry.

You visited 1 branch of the dungeon, and saw 3 of its levels.

You collected 10 gold pieces.

#.# .# ..# <##
#.. .. #.# ##.#
#.# #.. #.# #.#
#..###<####.###
#........b...#
#..##.#####@#.#
#. #. #o# #.
..o .. ..##. ##
### o# #

Notes
Turn   | Place    | Note
--------------------------------------------------------------
     0 | D:1      | ololoev the Deep Elf Fire Elementalist began the quest for the Orb.
     0 | D:1      | Reached XP level 1. HP: 10/10 MP: 6/6
   107 | D:2      | Reached XP level 2. HP: 15/15 MP: 1/8
   260 | D:3      | Noticed Jessica
   267 | D:3      | Killed from afar by an orc wizard

Dungeon Overview and Level Annotations

Branches:
Dungeon (3/15)

Altars:

Annotations:
D:3 Jessica


Message History

There is an open door here.
Casting: Flame Tongue
Confirm with . or Enter, or press ? or * to list all spells.
Aiming: Flame Tongue
Press: ? - help, Shift-Dir - straight line, f - goblin
Aim: a goblin The flame tongue hits the goblin.
You kill the goblin!
There is an open door here.
There is an open door here.
There is an open door here.
You see here a club.
Found a dagger.
Found an escape hatch in the floor.
Found an escape hatch in the ceiling.
There is an escape hatch in the floor here.
You slide downwards.
The hatch slams shut behind you.
Found a stone staircase leading up.
There is a stone staircase leading up here.
You climb upwards.
There is a stone staircase leading down here.
You climb downwards.
There is a stone staircase leading up here.
A bat, 2 orcs and Jessica come into view.
The orc shouts!
Found a stone staircase leading up.
An orc wizard comes into view. It is wielding a dagger.
Jessica shouts!
The orc shouts!
The orc wizard shouts!
The orc moves out of view.
Casting: Flame Tongue
Confirm with . or Enter, or press ? or * to list all spells.
Aiming: Flame Tongue
Press: ? - help, Shift-Dir - straight line, f - Jessica
Aim: Jessica, wielding a dagger and wearing a robe You miscast Flame Tongue.
You are very lightly contaminated with residual magic.
Your hair stands on end.
The bat closely misses you. Jessica hits you but does no damage.
Casting: Flame Tongue
Confirm with . or Enter, or press ? or * to list all spells.
Aiming: Flame Tongue
Press: ? - help, Shift-Dir - straight line, f - orc wizard, p - Jessica
Aim: an orc wizard, wielding a dagger and wearing a robe You miscast Flame Tongue.
You smell smoke.
The bat misses you.
The orc falls through a shaft!
The shaft crumbles and collapses.
Jessica hits you with a dagger.
Casting: Flame Tongue
Confirm with . or Enter, or press ? or * to list all spells.
Aiming: Flame Tongue
Press: ? - help, Shift-Dir - straight line, f/p - orc wizard
Aim: an orc wizard, wielding a dagger and wearing a robe The flame tongue hits Jessica.
Jessica is moderately wounded.
Jessica gestures wildly while chanting.
Jessica blinks!
The bat hits you.
An orc comes into view. It is wielding a trident.
Casting: Flame Tongue
Confirm with . or Enter, or press ? or * to list all spells.
Aiming: Flame Tongue
Press: ? - help, Shift-Dir - straight line, f - orc, p - orc wizard
Aim: an orc, wielding a club The flame tongue misses the orc wizard.
The flame tongue hits the orc.
The orc is severely wounded.
The bat misses you. The bat hits you but does no damage.
The orc wizard mumbles some strange words.
The orc wizard seems to speed up.
Casting: Flame Tongue
Confirm with . or Enter, or press ? or * to list all spells.
Aiming: Flame Tongue
Press: ? - help, Shift-Dir - straight line, f - bat, p - orc
Aim: a bat The flame tongue misses the bat.
The bat misses you. The orc wizard closely misses you.
You hit the bat but do no damage. The bat barely misses you.
The orc wizard points at you and mumbles some strange words.
The puff of frost hits you!
Ouch! That really hurt!
The bat closely misses you.
The orc wizard points at you and mumbles some strange words.
The puff of frost hits you!
You die...

You could see an orc wizard, 2 orcs and a bat.

Vanquished Creatures
  A dart slug (D:2)
  A ball python (D:2)
  A giant cockroach (D:2)
  A goblin (D:2)
  3 hobgoblins
  4 jackals (D:1)
  A giant newt (D:1)
  A kobold (D:2)
13 creatures vanquished.

Action                   || total
-------------------------++-------
Melee: Unarmed           ||     1
 Cast: Flame Tongue      ||    21
Armor: Robe              ||     1
Dodge: Dodged            ||    13

Vault maps used:
D:1:      lightli_arrival_statue_moat
D:2:      grunt_ministairs_5
D:3:      uniq_robin, uniq_jessica, uniq_iyjb
